 Dungeon Crawl Stone Soup version 0.28.0-45-g0d030f2227 (webtiles) character file.

Game seed: 17393734632662557337

36 Icepheonix32 the Skirmisher (level 3, -3/29 HPs)
             Began as a Demonspawn Fighter on Apr 16, 2022.
             Slain by a gnoll
             ... wielding a +0 whip
              (6 damage)
             ... on level 2 of the Dungeon.
             The game lasted 00:00:38 (802 turns).

Icepheonix32 the Skirmisher (Demonspawn Fighter)     Turns: 802, Time: 00:00:39

Health: -3/29      AC:  6    Str: 18    XL:     3   Next: 19%
Magic:  3/3        EV:  9    Int:  9    God:
Gold:   39         SH:  4    Dex: 12    Spells: 2/2 levels left

rFire   . . .      SeeInvis .   a - +0 war axe
rCold   . . .      Faith    .   c - +0 buckler
rNeg    . . .      Spirit   .   b - +0 scale mail
rPois   .          Reflect  .   (no helmet)
rElec   .          Harm     .   (no cloak)
rCorr   .          Rampage  .   (no gloves)
Will    .....                   (no boots)
Stlth   ..........              (no amulet)
HPRegen 0.09/turn               (no ring)
MPRegen 0.08/turn               (no ring)

@: no status effects
A: powered by death 1, weakness stinger 1
a: no special abilities


You were on level 2 of the Dungeon.
You visited 1 branch of the dungeon, and saw 2 of its levels.

You collected 39 gold pieces.

Inventory:

Hand Weapons
 a - a +0 war axe (weapon)
Armour
 b - a +0 scale mail (worn)
 c - a +0 buckler (worn)
Scrolls
 e - a scroll of enchant weapon {unknown}
 f - a scroll of fog {unknown}
 h - a scroll of immolation {unknown}
 i - a scroll of identify {unknown}
 k - a scroll of fear {unknown}
 l - 2 scrolls of holy word {unknown}
 m - a scroll of magic mapping {unknown}
Potions
 d - a potion of might
 g - a potion of lignification {unknown}
 j - a potion of brilliance {unknown}


   Skills:
 + Level 3.3 Fighting
 * Level 2.6 Axes
 + Level 2.9 Armour
 + Level 2.9 Shields


You had 2 spell levels left.
You didn't know any spells.
Your spell library contained the following spells:

 Spells                   Type           Power      Damage    Failure   Level
 Freeze                   Ice            0%         1d3       86%         1
 Frozen Ramparts          Ice            0%         1d2       99%         3
 Hailstorm                Conj/Ice       0%         3d3       100%        4


Dungeon Overview and Level Annotations

Branches:
Dungeon (2/15)

Altars:


Innate Abilities, Weirdness & Mutations

You regenerate a little health from kills.
You have a small tail.


Message History

Found 24 stones.
There are monsters nearby!
A gnoll and an endoplasm come into view.
The endoplasm quivers.
The gnoll throws a throwing net.
The throwing net hits you.
You become entangled in the net!
There is an open door here.
You see here a throwing net.
Unknown command.
You struggle against the net.
You struggle against the net.
The gnoll hits you with a +0 flail.
You shred the net and break free! The gnoll hits you with a +0 flail!
Unknown command.
There is an open door here.
You see here a +0 ring mail.
The gnoll hits you with a +0 whip.
You closely miss the gnoll. You tail-slap the gnoll.
The gnoll is lightly wounded.
You slash the gnoll!
The gnoll is severely wounded.
The gnoll hits you with a +0 flail!
* * * LOW HITPOINT WARNING * * *
Unknown command.
You slash the gnoll!
You kill the gnoll!
You have reached level 3!
Your experience leads to an increase in your attributes!
Increase (S)trength, (I)ntelligence, or (D)exterity?
You feel stronger. x2; Your demonic ancestry asserts itself...
A wave of death washes over you.
Unknown command.
You barely miss the gnoll. You tail-slap the gnoll.
The gnoll is moderately wounded.
You block the gnoll's attack. The gnoll barely misses you.
Unknown command.
Unknown command.
You closely miss the gnoll.
The gnoll is moderately wounded.
The gnoll hits you with a +0 whip.
You die...

... #.........
...##+# #.........
.......####'#####
................#
#...............#
#..........J....#
######'###g#####
#.......##g#
#.......##@#
#.......##.#
#######........#.#
.........#####.#.#
...........# .#.#
.........#.# .#.#
........<#.# ...#
.......†.#.# ..#
.........#.#


You could see 2 gnolls and an endoplasm.

Vanquished Creatures
  A gnoll (D:2)
  An adder skeleton (D:2)
  A dart slug (D:2)
  An endoplasm (D:1)
  2 giant cockroaches (D:1)
  3 goblins (D:1)
  3 hobgoblins
  2 kobolds (D:1)
  A quokka (D:1)
  3 ball pythons
  A frilled lizard (D:2)
  A rat (D:1)
20 creatures vanquished.

Notes
Turn   | Place    | Note
-------+----------+-------------------------------------------
     0 | D:1      | Icepheonix32 the Demonspawn Fighter began the quest for the
                  | Orb.
     0 | D:1      | Reached XP level 1. HP: 18/18 MP: 1/1
   322 | D:1      | Gained mutation: You have a small tail. [demonic ancestry]
   322 | D:1      | Reached XP level 2. HP: 24/24 MP: 2/2
   801 | D:2      | Gained mutation: You regenerate a little health from kills.
                  | [demonic ancestry]
   801 | D:2      | Reached XP level 3. HP: 3/29 MP: 3/3
   802 | D:2      | Slain by a gnoll

Illustrated notes

Levels and vault maps discovered:
D:1:      nzn_arrival_water_spiral, layout_loops_ring
D:2:      layout_basic, serial_shops, shop_coins,
          shapermc_ecumenical_altar_starsandcircs

Skill      XL: |  1 |
---------------+----+-----
Axes           | 2 |  2.6
Fighting       | |  3.3
Armour         | |  2.9
Shields        | |  2.9

Action                   || total
-------------------------++-------
Melee: War axe           ||    35
       Tailslap          ||     2
Armor: Scale mail        ||     8
Dodge: Dodged            ||    20
Block: Buckler           ||    12
